 Dungeon Crawl Stone Soup version 0.27.1-4-g1640c2035a (webtiles) character file.

Game seed: 17930272773055725642

141 Stomo444 the Gusty (level 5, -3/25 HPs)
             Began as a Vine Stalker Air Elementalist on Nov 12, 2021.
             Slain by a kobold (11 damage)
             ... on level 7 of the Dungeon.
             The game lasted 00:06:15 (2566 turns).

Stomo444 the Gusty (Vine Stalker Air Elementalist)  Turns: 2566, Time: 00:06:16

Health: -3/25      AC:  3    Str: 11    XL:     5   Next: 24%
Magic:  0/10       EV: 12    Int: 15    God:
Gold:   118        SH:  0    Dex: 15    Spells: 7/10 levels left

rFire    . . .     SeeInvis .   p - +0 whip
rCold    . . .     Faith    .   (no shield)
rNeg     . . .     Spirit   +   a - +0 robe
rPois    .         Reflect  .   (no helmet)
rElec    .         Harm     .   (no cloak)
rCorr    .         Rampage  .   (no gloves)
Will     .....                  k - +0 pair of boots
Stlth    ++........             g - amulet of the acrobat
HPRegen  1.08/turn              (no ring)
MPRegen  0.12/turn              (no ring)

@: brilliant, lethally poisoned (-3 -> -3), about to teleport, weak-willed,
slowed, very slow
A: fangs 2, regeneration 1, magic shield, antimagic bite, no potion heal 2
a: no special abilities


You were on level 7 of the Dungeon.
You visited 1 branch of the dungeon, and saw 5 of its levels.

You collected 118 gold pieces.

Inventory:

Hand Weapons
 f - a +0 mace
 j - a +0 dagger
 p - a +0 whip (weapon)
Armour
 a - a +0 robe (worn)
 k - a +0 pair of boots (worn)
Jewellery
 g - an amulet of the acrobat (around neck)
Scrolls
 e - a scroll of summoning {unknown}
 h - a scroll of vulnerability
 m - a scroll of blinking {unknown}
 n - 2 scrolls of identify {unknown}
 o - a scroll of enchant weapon {unknown}
Potions
 l - a potion of might


   Skills:
 + Level 1.6 Fighting
 + Level 2.3 Dodging
 - Level 2.4 Stealth
 + Level 3.0 Spellcasting
 + Level 2.3 Conjurations
 + Level 3.7 Air Magic


You had 7 spell levels left.
You knew the following spells:

 Your Spells              Type           Power      Damage    Failure   Level
a - Shock                 Conj/Air       64%        1d7       6%          1
b - Static Discharge      Conj/Air       16%        N/A       9%          2

Your spell library contained the following spells:

 Spells                   Type           Power      Damage    Failure   Level
 Swiftness                Air            20%        N/A       13%         3
 Airstrike                Air            10%        N/A       41%         4


Dungeon Overview and Level Annotations

Branches:
Dungeon (7/15)
 Temple: D:4-7

Altars:

Annotations:
D:6 1 runed translucent door, Crazy Yiuf


Innate Abilities, Weirdness & Mutations

You have extremely sharp teeth.
Your natural rate of healing is unusually fast.
When hurt, damage is shared between your health and your magic reserves.
Your bite disrupts and absorbs the magic of your enemies.
Potions cannot restore your health.


Message History

The kobold brigand is moderately wounded.
The zap hits the kobold.
You kill the kobold!
You hear a shout!
The kobold brigand throws a curare-tipped dart.
The curare-tipped dart hits you.
You are poisoned.
You have difficulty breathing.
You feel yourself slow down.
A kobold comes into view.
It is wielding a +0 whip of electrocution.
It was a potion of brilliance.
You feel clever all of a sudden.
You feel extremely sick.
The kobold brigand throws a curare-tipped dart.
The curare-tipped dart hits you.
You are lethally poisoned!
You have difficulty breathing.
You feel as though you will be slow longer.
A kobold comes into view. It is wielding a +0 dagger.
Your system rejects the healing.
You feel better.
The kobold brigand throws a curare-tipped dart.
The curare-tipped dart barely misses you.
As you read the scroll labelled XIMNYSTRAOKK, it crumbles to dust.
Magic quickly surges around you.
It was a scroll of vulnerability.
The kobold brigand throws a curare-tipped dart.
The curare-tipped dart hits you.
You are poisoned.
You have difficulty breathing.
You feel as though you will be slow longer.
As you read the scroll labelled KEORGHE WUDEERU, it crumbles to dust.
You assume a fearsome visage.
The kobold brigand looks frightened!
It was a scroll of fear.
You feel sick.
Unknown command.
As you read the scroll labelled BUDGHI LEFEUM, it crumbles to dust.
You feel strangely unstable.
It was a scroll of teleportation.
You feel sick.
The kobold hits you with a +0 whip of electrocution.
Unknown command.
You barely miss the kobold.
You feel sick.
The kobold hits you with a +0 whip of electrocution.
You are electrocuted!
You die...

# ##.####### # #.# # #.#
## ## #.#### .. .###.##.##
.#.#
..##.#...###########....##
..................KK...)..
..##.#.....#####K###..K..#
..##.#.....# #@# .##.#
#.##.......# #.# #
#.####.....# #.. # #.....#
#### ##..### ...#


You could see a kobold.

Vanquished Creatures
  A kobold brigand (D:7)
  An adder (D:2)
  A white imp (D:6)
  An ufetubus (D:6)
  2 worms (D:2)
  3 ball pythons (D:2)
  An endoplasm (D:2)
  3 giant cockroaches
  6 goblins
  4 hobgoblins
  8 kobolds
  2 quokkas (D:2)
  4 bats
  3 frilled lizards (D:1)
  3 rats (D:2)
43 creatures vanquished.

Notes
Turn   | Place    | Note
-------+----------+-------------------------------------------
     0 | D:1      | Stomo444 the Vine Stalker Air Elementalist began the quest
                  | for the Orb.
     0 | D:1      | Reached XP level 1. HP: 9/9 MP: 4/4
   136 | D:1      | Found a faded altar of an unknown god.
   264 | D:1      | Reached XP level 2. HP: 14/14 MP: 4/6
   691 | D:2      | Learned a level 2 spell: Static Discharge
  1119 | D:2      | Reached XP level 3. HP: 17/17 MP: 1/7
  1234 | D:2      | Reached skill level 1 in Fighting
  2217 | D:3      | You fall into a shaft and drop 3 floors!
  2244 | D:6      | Found a runed translucent door.
  2245 | D:6      | Noticed Crazy Yiuf
  2345 | D:6      | Noticed a scorpion
  2346 | D:6      | Gained mutation: Your natural rate of healing is unusually
                  | fast. [Vine Stalker growth]
  2346 | D:6      | Reached XP level 4. HP: 22/22 MP: 4/9
  2417 | D:7      | Noticed a kobold brigand
  2427 | D:7      | Killed a kobold brigand
  2428 | D:7      | Reached XP level 5. HP: 17/25 MP: 1/10
  2552 | D:7      | Noticed a kobold brigand
  2566 | D:7      | Slain by a kobold

Illustrated notes

Levels and vault maps discovered:
D:1:      dpeg_arrival_rooms_b, layout_rooms,
          shapermc_ecumenical_altar_mp_ritualfount, hex_medium
D:2:      layout_basic, st_stairs_8, corexii_hall_statues_l, minmay_pentomino_v4
D:3:      layout_loops_corners
D:6:      layout_cave_pods, serial_shops, nicolae_square_shop,
          kennysheep_generic_room_13, uniq_crazy_yiuf_cottage
D:7:      gammafunk_wand_slinger, layout_loops_corners, uniq_harold

Skill      XL: |  1  2  3  4 |
---------------+-------------+-----
Fighting       | 1 |  1.6
Dodging        | 2 |  2.3
Spellcasting   | 3 |  3.0
Conjurations   | 2 |  2.3
Stealth        | |  2.4
Air Magic      | |  3.7

Action                   |  1- 3 |  4- 6 || total
-------------------------+-------+-------++-------
Melee: Unarmed           |     2 |       ||     2
       Dagger            |    39 |     3 ||    42
       Bite              |    13 |     3 ||    16
       Whip              |       |     1 ||     1
 Cast: Shock             |    68 |    10 ||    78
       Static Discharge  |     6 |     4 ||    10
  Use: Potion            |       |     4 ||     4
       Scroll            |       |     3 ||     3
 Stab: Sleeping          |     2 |       ||     2
Armor: Robe              |     4 |     1 ||     5
Dodge: Dodged            |    23 |     9 ||    32
